 Dungeon Crawl Stone Soup version 0.30.1-9-gdf580d7c3d (webtiles) character file.

Game seed: 3303821257849218245

310 Hasleak the Conjurer (level 6, -9/49 HPs)
             Began as a Draconian Conjurer on Sept 28, 2023.
             Was a Priest of Fedhas.
             Mangled by a mummy (12 damage)
             ... in an ossuary.
             The game lasted 00:09:11 (3677 turns).

Hasleak the Conjurer (Draconian Conjurer)           Turns: 3677, Time: 00:09:11

Health: -9/49      AC:  6    Str:  9    XL:     6   Next: 18%
Magic:  6/11       EV: 13    Int: 21    God:    Fedhas [***...]
Gold:   157        SH:  0    Dex: 15    Spells: 5/12 levels left

rFire   . . .        j - +1 dagger (freeze)
rCold   . . .        (no shield)
rNeg    . . .        (body armour unavailable)
rPois   .            (helmet restricted)
rElec   .            (no cloak)
rCorr   .            (no gloves)
SInv    .            (no boots)
Will    .....        (no amulet)
Stlth   ++           m - +6 ring of dexterity
HPRegen 0.28/turn    c - ring of flight
MPRegen 0.12/turn

%: no passive effects
@: flying
A: AC +6, unfitting armour, cold-blooded
a: Renounce Religion, Wall of Briars, Grow Ballistomycete


You were in an ossuary.
You worshipped Fedhas.
Fedhas was most pleased with you.
You visited 1 branch of the dungeon, and saw 4 of its levels.
You also visited: Ossuary.

You collected 157 gold pieces.

Inventory:

Hand Weapons
 j - a +1 dagger of freezing (weapon)
Missiles
 b - a throwing net
Armour
 l - an orb of guile
Jewellery
 c - a ring of flight (right hand)
 m - a +6 ring of dexterity (left hand)
 n - a ring of protection from cold
 s - a ring of wizardry
Scrolls
 f - 2 scrolls of blinking {unknown}
 h - 3 scrolls of identify {unknown}
 k - a scroll of silence {unknown}
 q - a scroll of immolation {unknown}
 r - a scroll of fear {unknown}
 t - 2 scrolls of poison {unknown}
 u - a scroll of amnesia {unknown}
 v - 2 scrolls of fog {unknown}
 w - a scroll of teleportation {unknown}
Potions
 a - a potion of magic
 d - 3 potions of degeneration {unknown}
 e - 4 potions of curing {unknown}
 g - a potion of flight {unknown}
 i - a potion of cancellation {unknown}
 o - 3 potions of invisibility {unknown}
 p - a potion of lignification {unknown}


   Skills:
 + Level 2.3 Fighting
 + Level 2.8 Dodging
 - Level 1.7 Stealth
 * Level 3.8 Spellcasting
 * Level 5.4 Conjurations


You had 5 spell levels left.
You knew the following spells:

 Your Spells              Type           Power      Damage    Failure   Level
a - Magic Dart            Conj           100%       1d8       1%          1
b - Searing Ray           Conj           54%        2d6       1%          2
c - Iskenderun's Mystic   Conj/Tloc      15%        2d5       36%         4

Your spell library contained the following spells:

 Spells                   Type           Power      Damage    Failure   Level
 Static Discharge         Conj/Air       30%        2-4/arc   6%          2
 Dazzling Flash           Conj/Hex       30%        N/A       12%         3
 Mephitic Cloud           Conj/Pois/Air  11%        N/A       17%         3
 Call Imp                 Summ           8%         N/A       19%         2
 Ensorcelled Hibernation  Hex/Ice        8%         N/A       19%         2
 Spider Form              Tmut/Pois      4%         N/A       36%         3
 Fulminant Prism          Conj/Hex       7%         3d7       36%         4
 Airstrike                Air            2%         2d(1-17)  77%         4
 Anguish                  Hex/Necr       2%         N/A       77%         4
 Summon Lightning Spire   Summ/Air       4%         N/A       77%         4


Dungeon Overview and Level Annotations

Branches:
Dungeon (4/15)            Ossuary (1/1)
 Temple: D:4-7

Altars:
Fedhas

Shops:
D:2 *


Innate Abilities, Weirdness & Mutations

Your plain brown scales are hard. (AC +6)
You cannot fit into any form of body armour.
You are cold-blooded and may be slowed by cold attacks.


Message History

The mummy is heavily damaged.
You hit the mummy but do no damage.
You tail-slap the mummy, but do no damage.
The mummy is heavily damaged.
The mummy barely misses you. The mummy hits you!
You closely miss the mummy.
The mummy is heavily damaged.
The mummy barely misses you. x2
You hit the mummy.
You tail-slap the mummy, but do no damage.
The mummy is heavily damaged.
You hit the mummy.
The mummy is heavily damaged.
The mummy closely misses you. The mummy barely misses you.
You hit the mummy but do no damage.
The mummy is heavily damaged.
You hit the mummy but do no damage.
The mummy is heavily damaged.
The mummy hits you! x2
You hit the mummy.
The mummy is heavily damaged.
The mummy closely misses you. x2
You hit the mummy. You freeze the mummy.
Your tail-slap misses the mummy.
The mummy is severely damaged.
You hit the mummy. You freeze the mummy.
The mummy is almost destroyed.
The mummy misses you. The mummy barely misses you.
You hit the mummy.
You destroy the mummy!
Fedhas accepts your kill.
You hit the mummy.
You tail-slap the mummy, but do no damage.
The mummy is lightly damaged.
The mummy hits you!
* * * LOW HITPOINT WARNING * * *
You hit the mummy.
The mummy is lightly damaged.
The mummy hits you!
You die...
Fedhas appreciates your contribution to the ecosystem.

.........
........
......
#....#
#....#
#....#
#....#
#M...#
#.@..#
#....#
#....#
#.∩∩.#
######


You could see a mummy.

Vanquished Creatures
  A phantom (D:4)
  A hound (D:4)
  An orc priest (D:3)
  An orc wizard (D:4)
  A mummy (Ossuary)
  Robin (D:2)
  2 adders
  3 dart slugs
  8 orcs
  11 ball pythons
  2 endoplasms (D:1)
  2 giant cockroaches (D:3)
  3 gnoll zombies (Ossuary)
  15 goblins
  7 hobgoblins
  13 jackals
  2 quokkas
  3 bats
  4 frilled lizards
  A goblin zombie (D:4)
  5 kobolds
  3 orc zombies (Ossuary)
  A quokka zombie (D:4)
  3 rats (D:2)
94 creatures vanquished.

Notes
Turn   | Place    | Note
-------+----------+-------------------------------------------
     0 | D:1      | Hasleak the Draconian Conjurer began the quest for the Orb.
     0 | D:1      | Reached XP level 1. HP: 14/14 MP: 3/3
   550 | D:1      | Reached XP level 2. HP: 22/22 MP: 1/5
  1346 | D:2      | Reached XP level 3. HP: 24/27 MP: 6/6
  1355 | D:2      | Reached skill level 1 in Fighting
  1360 | D:2      | Noticed Robin
  1377 | D:2      | Killed Robin
  1390 | D:2      | Learned a level 2 spell: Searing Ray
  1439 | D:2      | Found a faded altar of an unknown god.
  1456 | D:2      | Prayed at the altar of an unknown god.
  1456 | D:2      | Became a worshipper of Fedhas Madash
  1456 | D:2      | Reached * piety under Fedhas
  1659 | D:2      | Found Fyoguoc's General Store.
  1885 | D:2      | Reached XP level 4. HP: 26/35 MP: 8/8
  2385 | D:3      | Reached ** piety under Fedhas
  2991 | D:4      | Reached XP level 5. HP: 41/41 MP: 9/9
  3019 | D:4      | Reached skill level 5 in Conjurations
  3472 | D:4      | Noticed a phantom
  3479 | D:4      | Killed a phantom
  3480 | D:4      | Reached XP level 6. HP: 27/48 MP: 3/11
  3566 | D:4      | Found a sand-covered staircase.
  3603 | D:4      | Learned a level 4 spell: Iskenderun's Mystic Blast
  3617 | Ossuary  | Entered an ossuary
  3624 | Ossuary  | Reached *** piety under Fedhas
  3677 | Ossuary  | Mangled by a mummy

Illustrated notes

Levels and vault maps discovered:
D:1:      psy_arrival_spokes, layout_basic
D:2:      layout_loops_cross, basic_ecumenical_altar, serial_shops,
          nicolae_shop_pleasant_corner_grove, uniq_robin
D:3:      layout_loops_cross
D:4:      layout_loops_cross, kennysheep_mini_moat, enter_ossuary_4
Ossuary:  ossuary_tomb_3

Skill      XL: |  1  2  3  4  5 |
---------------+----------------+-----
Dodging        | 2 |  2.8
Fighting       | 1 2 |  2.3
Spellcasting   | 3 |  3.8
Conjurations   | 5 |  5.4
Stealth        | |  1.7

Action                     |  1- 3 |  4- 6 || total
---------------------------+-------+-------++-------
  Melee: Unarmed           |    11 |       ||    11
         Punch             |     1 |     1 ||     2
         Dagger            |    94 |   197 ||   291
         Tailslap          |     7 |    28 ||    35
   Cast: Magic Dart        |    16 |     1 ||    17
         Searing Ray       |       |     5 ||     5
         Iskenderun's Myst |       |     1 ||     1
   Stab: Sleeping          |     3 |     5 ||     8
 Armour: Skin              |    26 |    68 ||    94
  Dodge: Dodged            |    70 |   131 ||   201
